 Dungeon Crawl Stone Soup version 0.28.0-55-gcd9437bce4 (webtiles) character file.

Game seed: 9904856333785564852

1617 Atelerd the Magician (level 8, -6/48 HPs)
             Began as an Octopode Earth Elementalist on Jan 1, 2023.
             Was a Follower of Sif Muna.
             Mangled by Harold
             ... wielding a +0 dire flail
              (18 damage)
             ... on level 7 of the Dungeon.
             The game lasted 00:07:52 (7369 turns).

Atelerd the Magician (Octopode Earth Elementalist)  Turns: 7369, Time: 00:07:53

Health: -6/48      AC:  1    Str:  7    XL:     8   Next: 96%
Magic:  12/18      EV: 13    Int: 19    God:    Sif Muna [*.....]
Gold:   324        SH:  0    Dex: 13    Spells: 16/21 levels left

rFire   . . .      SeeInvis .   t - +0 dagger (drain)
rCold   + . .      Faith    .   (no shield)
rNeg    . . .      Spirit   .   (helmet restricted)
rPois   .          Reflect  .   (no amulet)
rElec   .          Harm     .   e - ring of protection from cold
rCorr   .          Rampage  .   (no ring)
Will    .....                   (no ring)
Stlth   ++........              (no ring)
HPRegen 0.16/turn               (no ring)
MPRegen 0.16/turn               (no ring)
                                (no ring)
                                (no ring)

@: confused, ambrosia-drunk
A: almost no armour, amphibious, 8 rings, camouflage 1, gelatinous body 1,
(nimble swimmer 1), tentacles
a: Renounce Religion, Channel Magic


You were on level 7 of the Dungeon.
You worshipped Sif Muna.
Sif Muna was aware of your devotion.
You visited 2 branches of the dungeon, and saw 8 of its levels.

You collected 324 gold pieces.

Inventory:

Hand Weapons
 a - a +0 dagger
 j - a +1 spear of pain
 t - a +0 dagger of draining (weapon)
Missiles
 b - 120 stones
 p - a throwing net
Jewellery
 e - a ring of protection from cold (left tentacle)
Wands
 s - a wand of charming (10)
Scrolls
 d - 2 scrolls of summoning
 f - a scroll of enchant armour {unknown}
 i - 5 scrolls of identify {unknown}
 k - 2 scrolls of teleportation {unknown}
 l - a scroll of fog {unknown}
 o - a scroll of vulnerability {unknown}
 q - a scroll of noise {unknown}
Potions
 c - a potion of haste {unknown}
 g - a potion of lignification {unknown}
 h - a potion of flight {unknown}
 n - a potion of heal wounds {unknown}
 r - a potion of resistance {unknown}
 u - a potion of might {unknown}


   Skills:
 + Level 1.2 Fighting
 + Level 1.7 Short Blades
 + Level 0.4 Polearms
 - Level 2.0 Dodging
 + Level 5.8 Stealth
 + Level 7.1 Spellcasting
 - Level 4.0 Transmutations
 - Level 6.0 Earth Magic


You had 16 spell levels left.
You knew the following spells:

 Your Spells              Type           Power      Damage    Failure   Level
a - Sandblast             Erth           58%        2d13      1%          1
p - Petrify               Tmut/Erth      25%        N/A       13%         4

Your spell library contained the following spells:

 Spells                   Type           Power      Damage    Failure   Level
 Passwall                 Tmut/Erth      20%        N/A       1%          2
 Stone Arrow              Conj/Erth      36%        3d9       9%          3


Dungeon Overview and Level Annotations

Branches:
Dungeon (7/15)             Temple (1/1) D:5

Altars:
Cheibriados
Dithmenos
Elyvilon
Fedhas
Gozag
Hepliaklqana
Kikubaaqudgha
Makhleb
Okawaru
Qazlal
Ru
Sif Muna
Trog
Vehumet
Wu Jian
Xom
Yredelemnul
The Shining One

Annotations:
D:2 exclusion: downstairs
D:5 exclusion: 2 downstairs
D:7 Harold


Innate Abilities, Weirdness & Mutations

You cannot wear most types of armour.
You are amphibious.
You can wear up to eight rings at the same time.
Your skin changes colour to match your surroundings (Stealth+).
Your rubbery body absorbs attacks. (AC +1, EV +1)
((You are camouflaged when in or above water. (Stealth+)))
You have tentacles for arms and can constrict up to eight enemies at once.


Message History

The helpless Harold fails to defend himself.
You impale Harold!! You drain Harold! Your grab misses Harold.
Harold is moderately wounded.
Harold hits you with a +0 dire flail!!
Ouch! That really hurt!
Casting: Sandblast (safe; 1% risk of failure)
Confirm with . or Enter, or press ? or * to list all spells.
The spell is quite dangerous to miscast (13% risk of failure)!
Continue anyway?
Aiming: Petrify (quite dangerous; 13% risk of failure)
Press: ? - help, Shift-Dir - straight line, f - Harold
Aim: Harold, wielding a +0 dire flail, wearing a +0 scale mail and quivering 4 throwing nets (moderately wounded, lightly drained, chance to affect: 28%) Harold easily resists.
Harold looks eager to get this over with.
Harold hits you with a +0 dire flail.
Casting: Petrify (quite dangerous; 13% risk of failure)
Confirm with . or Enter, or press ? or * to list all spells.
The spell is quite dangerous to miscast (13% risk of failure)!
Continue anyway?
Aiming: Petrify (quite dangerous; 13% risk of failure)
Press: ? - help, Shift-Dir - straight line, f/p - Harold
Aim: Harold, wielding a +0 dire flail, wearing a +0 scale mail and quivering 4 throwing nets (moderately wounded, lightly drained, chance to affect: 28%) Harold easily resists.
Harold hits you with a +0 dire flail!
* * * LOW HITPOINT WARNING * * *
Unknown command.
It was a potion of curing.
You feel better. Harold barely misses you.
Okay, then.
Casting: Petrify (quite dangerous; 13% risk of failure)
Confirm with . or Enter, or press ? or * to list all spells.
The spell is quite dangerous to miscast (13% risk of failure)!
Continue anyway?
Aiming: Petrify (quite dangerous; 13% risk of failure)
Press: ? - help, Shift-Dir - straight line, f/p - Harold
Aim: Harold, wielding a +0 dire flail, wearing a +0 scale mail and quivering 4 throwing nets (moderately wounded, lightly drained, chance to affect: 28%) Harold easily resists.
Harold hits you with a +0 dire flail!
* * * LOW HITPOINT WARNING * * *
Unknown command.
You feel better. Harold hits you with a +0 dire flail.
* * * LOW HITPOINT WARNING * * *
It was a potion of ambrosia.
You are confused.
You feel invigorated. Harold hits you with a +0 dire flail!!
You die...

....# #....## #.#.....#
.#...... ......# (....#
..#@# # #.#@# # ###
#.##.#.# . ..# #......#
# #.########.### #
#.##.......#####...
#####.##.#####.........
#...#.##.#####.#####...
#..†#.......##.#
......##.##)##.#


You could see Harold (drained).

Vanquished Creatures
  A steam dragon (D:7)
  An orc warrior (D:7)
  4 ogres
  A centaur (D:3)
  A lemure (D:6)
  A kobold brigand (D:5)
  A bullfrog (D:7)
  3 scorpions
  A water moccasin skeleton (D:4)
  A wight (D:5)
  A jelly (D:5)
  3 hounds
  A centaur skeleton (D:5)
  2 iguanas
  An orc wizard (D:3)
  7 adders
  13 gnolls
  An adder zombie (D:5)
  A worm (D:4)
  A dart slug (D:2)
  8 orcs
  3 ball pythons
  3 bats
  6 endoplasms
  3 giant cockroaches
  3 goblins
  6 hobgoblins
  8 jackals
  14 kobolds
  2 quokkas
  2 frilled lizards (D:2)
  3 rats
107 creatures vanquished.

Vanquished Creatures (collateral kills)
  A centaur (D:5)
1 creature vanquished.

Grand Total: 108 creatures vanquished

Notes
Turn   | Place    | Note
-------+----------+-------------------------------------------
     0 | D:1      | Atelerd the Octopode Earth Elementalist began the quest for
                  | the Orb.
     0 | D:1      | Reached XP level 1. HP: 11/11 MP: 3/3
   148 | D:1      | Reached XP level 2. HP: 5/17 MP: 3/5
  1450 | D:2      | Reached XP level 3. HP: 20/21 MP: 4/6
  2047 | D:3      | Reached XP level 4. HP: 20/27 MP: 0/7
  2325 | D:3      | Reached skill level 3 in Spellcasting
  2410 | D:3      | Found a shadowy altar of Dithmenos.
  2582 | D:3      | Noticed a centaur
  2589 | D:4      | Noticed a scorpion
  2592 | D:4      | Reached XP level 5. HP: 13/31 MP: 5/9
  2767 | D:4      | Learned a level 4 spell: Petrify
  2909 | D:4      | Noticed an ogre
  2937 | D:5      | Entered Level 5 of the Dungeon
  2985 | D:5      | Noticed a centaur
  2999 | D:5      | Killed a centaur
  3000 | D:5      | Reached skill level 5 in Earth Magic
  3000 | D:5      | Reached XP level 6. HP: 5/36 MP: 11/11
  3559 | D:4      | Reached skill level 5 in Stealth
  3559 | D:4      | Reached XP level 7. HP: 28/42 MP: 9/12
  3954 | D:4      | Reached skill level 4 in Spellcasting
  4153 | D:4      | Found a shimmering altar of Xom.
  5005 | D:3      | Found a faded altar of an unknown god.
  5176 | D:3      | Found a faded altar of an unknown god.
  5179 | D:3      | Found a blossoming altar of Fedhas.
  5662 | D:5      | Found a staircase to the Ecumenical Temple.
  5701 | Temple   | Entered the Ecumenical Temple
  5718 | Temple   | Became a worshipper of Sif Muna the Loreminder
  5746 | D:5      | Reached skill level 1 in Fighting
  6082 | D:5      | Reached skill level 5 in Spellcasting
  6082 | D:5      | Reached XP level 8. HP: 48/48 MP: 12/15
  6177 | D:5      | Found a faded altar of an unknown god.
  6179 | D:5      | Found a hazy altar of Hepliaklqana.
  6376 | D:5      | Found a stormy altar of Qazlal.
  6389 | D:5      | Reached skill level 1 in Short Blades
  6823 | D:6      | Reached skill level 6 in Spellcasting
  6838 | D:6      | Noticed a yak
  6839 | D:6      | Noticed a yak
  6839 | D:6      | Noticed a yak
  7004 | D:6      | Noticed a yak
  7014 | D:6      | Noticed a yak
  7265 | D:7      | Reached * piety under Sif Muna
  7266 | D:7      | Reached skill level 7 in Spellcasting
  7360 | D:7      | Noticed Harold
  7369 | D:7      | Mangled by Harold

Illustrated notes

Levels and vault maps discovered:
D:1:      amcnicky_arrival_single_pillar, layout_loops_corners, nrook_campfire
D:2:      layout_rooms
D:3:      layout_basic, mainiacjoe_overflow_cross_hatched,
          nicolae_overflow_ecumenical_swirl,
          shapermc_ecumenical_altar_mp_highgroup, kennysheep_small_spiral
D:4:      layout_cave_pods, xom_teletrap_fun
D:5:      layout_loops_ring, beargit_hepliaklqana_dungeon_heroes,
          old_standard_altar, minmay_temple_entry_mini_moons, minmay_bent
D:6:      layout_cave_pools, mainiacjoe_overflow_chevrons,
          mainiacjoe_overflow_alcove_4, uniq_pikel
D:7:      layout_loops_cross, serial_shops, shop, uniq_harold
Temple:   cyrus_circular_temple

Skill      XL: |  1  2  3  4  5  6  7  8 |
---------------+-------------------------+-----
Stealth        | 3 4 5 |  5.8
Earth Magic    | 4 5 6 |  6.0
Spellcasting   | 3 5 7 |  7.1
Transmutations | 2 3 4 |  4.0
Fighting       | 1 |  1.2
Short Blades   | 1 |  1.7
Polearms       | |  0.4
Dodging        | |  2.0

Action                   |  1- 3 |  4- 6 |  7- 9 || total
-------------------------+-------+-------+-------++-------
Melee: Dagger            |    17 |    24 |    23 ||    64
       Constrict         |     8 |     9 |     4 ||    21
       Tentacles         |     2 |     7 |     6 ||    15
       Unarmed           |     1 |       |       ||     1
       Spear             |       |     4 |       ||     4
 Cast: Sandblast         |    38 |    32 |    85 ||   155
       Petrify           |       |     3 |     8 ||    11
  Use: Scroll            |       |     1 |       ||     1
       Potion            |       |       |     3 ||     3
 Stab: Sleeping          |     1 |     1 |     6 ||     8
       Petrified         |       |    11 |     3 ||    14
Armor: Skin              |     1 |     3 |     9 ||    13
Dodge: Dodged            |    26 |    36 |    45 ||   107
